PAAA
NAPERVILLE BATTLEKINGS @ MILTON DOGFISH HEAD
07/26/2030
 
TOP OF THE 1ST
Naperville Battlekings batting - Pitching for Milton Dogfish Head : RHP Fernando Varela
Pitching: RHP Fernando Varela
Batting: RHB Fernando Martínez 0-0: Ball
1-0: Called Strike
1-1: Called Strike
1-2: Foul Ball, location: 2F
1-2: Foul Ball, location: 2F
1-2: Strikes out swinging
Batting: RHB Carlos González 0-0: Foul Ball, location: 2F
0-1: Swinging Strike
0-2: Ball
1-2: Ball
2-2: Ball
3-2: Foul Ball, location: 2F
3-2: SINGLE (Line Drive, 6D)
Batting: RHB Jay Hood 0-0: SINGLE (Groundball, 4MD)
Carlos González to second
Batting: LHB Philip Strickland 0-0: Called Strike
0-1: Ball
1-1: Foul Ball, location: 2F
1-2: Fly out, F7 (Flyball, 7)
Batting: LHB Marcos Costa 0-0: Ground out 3-1 (Groundball, 34S)
Top of the 1st over - 0 runs, 2 hits, 0 errors, 2 left on base; Naperville 0 - Milton 0
BOTTOM OF THE 1ST
Milton Dogfish Head batting - Pitching for Naperville Battlekings : RHP Plinio Pedrulho
Pitching: RHP Plinio Pedrulho
Batting: LHB Sergio Muńóz 0-0: Called Strike
0-1: Ball
1-1: Ground out 4-3 (Groundball, 4)
Batting: RHB Darrell Terwey 0-0: Fly out, F8 (Flyball, 8LD)
Batting: RHB Yves Girard 0-0: Ball
1-0: Called Strike
1-1: Swinging Strike
1-2: Ground out 6-3 (Groundball, 6M)
Bottom of the 1st over - 0 runs, 0 hits, 0 errors, 0 left on base; Naperville 0 - Milton 0
TOP OF THE 2ND
Naperville Battlekings batting - Pitching for Milton Dogfish Head : RHP Fernando Varela
Batting: RHB Jorge Baker 0-0: Ball
1-0: Ball
2-0: Foul Ball, location: 2F
2-1: Foul Ball, location: 2F
2-2: Strikes out swinging
Batting: SHB Alex Mable 0-0: Ball
1-0: Called Strike
1-1: Called Strike
1-2: Foul Ball, location: 2F
1-2: Strikes out swinging
Batting: LHB Juan Villanueva 0-0: SINGLE (Line Drive, 5D)
Batting: RHB Edward Payne 0-0: Ball
1-0: Fly out, F9 (Line Drive, 9)
Top of the 2nd over - 0 runs, 1 hit, 0 errors, 1 left on base; Naperville 0 - Milton 0
BOTTOM OF THE 2ND
Milton Dogfish Head batting - Pitching for Naperville Battlekings : RHP Plinio Pedrulho
Batting: SHB Tony Walsh 0-0: Foul Ball, location: 2F
0-1: Ball
1-1: Ball
2-1: Swinging Strike
2-2: Strikes out swinging
Batting: SHB Alejandro Castillo 0-0: Foul Ball, location: 2F
0-1: SOLO HOME RUN (Line Drive, 9LD), Distance : 365 ft
Batting: LHB Edward Woodstock 0-0: Called Strike
0-1: Swinging Strike
0-2: Ball
1-2: Strikes out swinging
Batting: RHB Lorenzo Rosas 0-0: Ball
1-0: Called Strike
1-1: Ball
2-1: Foul Ball, location: 2F
2-2: Foul Ball, location: 2F
2-2: Foul Ball, location: 2F
2-2: Foul Ball, location: 2F
2-2: Fly out, F4 (Popup, 34D)
Bottom of the 2nd over - 1 run, 1 hit, 0 errors, 0 left on base; Naperville 0 - Milton 1
TOP OF THE 3RD
Naperville Battlekings batting - Pitching for Milton Dogfish Head : RHP Fernando Varela
Batting: RHB Fernando Martínez 0-0: Called Strike
0-1: Ball
1-1: Called Strike
1-2: Ground out 5-3 (Groundball, 56)
Batting: RHB Carlos González 0-0: Ball
1-0: Swinging Strike
1-1: Ground out 5-3 (Groundball, 56)
Batting: RHB Jay Hood 0-0: Ball
1-0: Foul Ball, location: 2F
1-1: Ball
2-1: Ground out 6-3 (Groundball, 6)
Top of the 3rd over - 0 runs, 0 hits, 0 errors, 0 left on base; Naperville 0 - Milton 1
BOTTOM OF THE 3RD
Milton Dogfish Head batting - Pitching for Naperville Battlekings : RHP Plinio Pedrulho
Batting: LHB Jeff Lawson 0-0: Ball
1-0: Called Strike
1-1: Foul Ball, location: 2F
1-2: Foul Ball, location: 2F
1-2: Strikes out swinging
Batting: RHB Esteban Olivo 0-0: Ball
1-0: Fly out, F4 (Line Drive, 4)
Batting: LHB Sergio Muńóz 0-0: Foul Ball, location: 2F
0-1: Reached on error, E8 (Flyball, 8LM)
Batting: RHB Darrell Terwey 0-0: Called Strike
0-1: Ball
1-1: DOUBLE (Flyball, 8RXD)
Sergio Muńóz scores
Batting: RHB Yves Girard 0-0: SINGLE (Groundball, 3D)
Darrell Terwey to third
Runner from 3rd tries for Home, SAFE, no throw
Batting: SHB Tony Walsh 0-0: Called Strike
0-1: SINGLE (Flyball, 9S)
Yves Girard to second
Runner from 2nd tries for 3rd, SAFE, no throw
Batting: SHB Alejandro Castillo 0-0: Called Strike
0-1: Ball
1-1: Called Strike
1-2: Strikes out looking
Bottom of the 3rd over - 2 runs, 3 hits, 1 error, 2 left on base; Naperville 0 - Milton 3
TOP OF THE 4TH
Naperville Battlekings batting - Pitching for Milton Dogfish Head : RHP Fernando Varela
Batting: LHB Philip Strickland 0-0: Ball
1-0: Foul Ball, location: 2F
1-1: Foul Ball, location: 2F
1-2: Ball
2-2: SINGLE (Groundball, 3D)
Batting: LHB Marcos Costa 0-0: Called Strike
0-1: Ball
1-1: Called Strike
1-2: Foul Ball, location: 2F
1-2: Hit by Pitch
Philip Strickland to second
Batting: RHB Jorge Baker 0-0: Ball
1-0: Called Strike
1-1: Foul Ball, location: 2F
1-2: Foul Ball, location: 2F
1-2: Foul Ball, location: 2F
1-2: Ball
2-2: Grounds into double play, 5-4-3 (Groundball, 56)
Philip Strickland to third
Batting: SHB Alex Mable 0-0: Ball
1-0: Ball
2-0: Ball
3-0: Base on Balls
Batting: LHB Juan Villanueva 0-0: Ball
1-0: Ball
Alex Mable steals 2nd base
2-0: Called Strike
2-1: SINGLE (Line Drive, 8RS)
Philip Strickland scores
Alex Mable to third
Runner from 3rd tries for Home, SAFE, throw made home
Batting: RHB Edward Payne 0-0: Ball
Juan Villanueva is caught stealing 2nd base
Top of the 4th over - 2 runs, 2 hits, 0 errors, 0 left on base; Naperville 2 - Milton 3
BOTTOM OF THE 4TH
Milton Dogfish Head batting - Pitching for Naperville Battlekings : RHP Plinio Pedrulho
Batting: LHB Edward Woodstock 0-0: Called Strike
0-1: Foul Ball, location: 2F
0-2: Strikes out swinging
Batting: RHB Lorenzo Rosas 0-0: Ball
1-0: Swinging Strike
1-1: Called Strike
1-2: Ball
2-2: Ball
3-2: Base on Balls
Batting: LHB Jeff Lawson 0-0: Ball
1-0: Ball
2-0: Ball
3-0: Called Strike
3-1: Fly out, F9 (Flyball, 89M)
Batting: RHB Esteban Olivo 0-0: Swinging Strike
0-1: Ball
1-1: Fly out, F9 (Flyball, 9)
Bottom of the 4th over - 0 runs, 0 hits, 0 errors, 1 left on base; Naperville 2 - Milton 3
TOP OF THE 5TH
Naperville Battlekings batting - Pitching for Milton Dogfish Head : RHP Fernando Varela
Batting: RHB Edward Payne 0-0: Foul Ball, location: 2F
0-1: Foul Ball, location: 2F
0-2: Ball
1-2: Foul Ball, location: 2F
1-2: Ball
2-2: Foul Ball, location: 2F
2-2: Strikes out swinging
Batting: RHB Fernando Martínez 0-0: Foul Ball, location: 2F
0-1: Ball
1-1: Foul Ball, location: 2F
1-2: Ground out 6-3 (Groundball, 6)
Batting: RHB Carlos González 0-0: Called Strike
0-1: Ball
1-1: Swinging Strike
1-2: Foul Ball, location: 2F
1-2: Ball
2-2: Ball
3-2: SOLO HOME RUN (Flyball, 7LD), Distance : 383 ft
Batting: RHB Jay Hood 0-0: Ball
1-0: Called Strike
1-1: Ball
2-1: Ball
3-1: Ground out 5-3 (Groundball, 56)
Top of the 5th over - 1 run, 1 hit, 0 errors, 0 left on base; Naperville 3 - Milton 3
BOTTOM OF THE 5TH
Milton Dogfish Head batting - Pitching for Naperville Battlekings : RHP Plinio Pedrulho
Batting: LHB Sergio Muńóz 0-0: Foul Ball, location: 2F
0-1: Ball
1-1: Ball
2-1: Ball
3-1: Fly out, F2 (Popup, 2RF)
Batting: RHB Darrell Terwey 0-0: Swinging Strike
0-1: Called Strike
0-2: Ball
1-2: Foul Ball, location: 2F
1-2: Strikes out looking
Batting: RHB Yves Girard 0-0: Ground out 1-3 (Groundball, 13)
Bottom of the 5th over - 0 runs, 0 hits, 0 errors, 0 left on base; Naperville 3 - Milton 3
TOP OF THE 6TH
Naperville Battlekings batting - Pitching for Milton Dogfish Head : RHP Fernando Varela
Batting: LHB Philip Strickland 0-0: Called Strike
0-1: Swinging Strike
0-2: Ball
1-2: Ball
2-2: Ground out 4-3 (Groundball, 4)
Pitching: RHP José Luján
Batting: LHB Marcos Costa 0-0: Foul Ball, location: 2F
0-1: Fly out, F6 (Popup, 56)
Batting: RHB Jorge Baker 0-0: Ball
1-0: Ball
2-0: Ball
3-0: Called Strike
3-1: Ground out 6-3 (Groundball, 6)
Top of the 6th over - 0 runs, 0 hits, 0 errors, 0 left on base; Naperville 3 - Milton 3
BOTTOM OF THE 6TH
Milton Dogfish Head batting - Pitching for Naperville Battlekings : RHP Plinio Pedrulho
Batting: SHB Tony Walsh 0-0: Called Strike
0-1: Foul Ball, location: 2F
0-2: Ball
1-2: Hit by Pitch
Batting: SHB Alejandro Castillo 0-0: Ball
1-0: Ball
2-0: Ball
3-0: Called Strike
3-1: Called Strike
3-2: SINGLE (Line Drive, 78S)
Tony Walsh to second
Batting: LHB Edward Woodstock 0-0: Called Strike
0-1: Ball
1-1: Bunted foul
1-2: Fielders Choice at 2nd, 5-4 (Groundball, 56)
Tony Walsh to third
Batting: RHB Lorenzo Rosas 0-0: Ball
1-0: Called Strike
Edward Woodstock steals 2nd base
1-1: Ball
2-1: Swinging Strike
2-2: Strikes out swinging, 2-3 out at first.
Batting: LHB Jeff Lawson 0-0: Ball
1-0: Ground out U3 (Groundball, 34)
Bottom of the 6th over - 0 runs, 1 hit, 0 errors, 2 left on base; Naperville 3 - Milton 3
TOP OF THE 7TH
Naperville Battlekings batting - Pitching for Milton Dogfish Head : RHP José Luján
Batting: SHB Alex Mable 0-0: Swinging Strike
0-1: Foul Ball, location: 2F
0-2: Strikes out swinging
Batting: LHB Juan Villanueva 0-0: Called Strike
0-1: Swinging Strike
0-2: Ball
1-2: Foul Ball, location: 2F
1-2: Ball
2-2: Foul Ball, location: 2F
2-2: Strikes out looking
Batting: RHB Edward Payne 0-0: Ball
1-0: Foul Ball, location: 2F
1-1: Foul Ball, location: 2F
1-2: Ball
2-2: Ground out 6-3 (Groundball, 6D)
Top of the 7th over - 0 runs, 0 hits, 0 errors, 0 left on base; Naperville 3 - Milton 3
BOTTOM OF THE 7TH
Milton Dogfish Head batting - Pitching for Naperville Battlekings : RHP Plinio Pedrulho
Batting: RHB Esteban Olivo 0-0: Ball
1-0: Ball
2-0: Called Strike
2-1: Ground out 6-3 (Groundball, 6)
Batting: LHB Sergio Muńóz 0-0: Swinging Strike
0-1: Swinging Strike
0-2: Foul Ball, location: 2F
0-2: DOUBLE (Groundball, 3L)
Pinch Hitting: LHB Francisco Ornelas 0-0: Intentional Walk
Batting: RHB Yves Girard 0-0: Ball
1-0: Ball
2-0: Swinging Strike
2-1: Ball
3-1: Fly out, F7 (Flyball, 7D)
Batting: SHB Tony Walsh 0-0: Ball
1-0: Ball
2-0: 3-RUN HOME RUN (Flyball, 9D), Distance : 372 ft
Batting: SHB Alejandro Castillo 0-0: Foul Ball, location: 2F
0-1: Foul Ball, location: 2F
0-2: Foul Ball, location: 2F
0-2: Foul Ball, location: 2F
0-2: Foul Ball, location: 2F
0-2: Ball
1-2: Ball
2-2: Ground out 4-3 (Groundball, 4)
Bottom of the 7th over - 3 runs, 2 hits, 0 errors, 0 left on base; Naperville 3 - Milton 6
TOP OF THE 8TH
Naperville Battlekings batting - Pitching for Milton Dogfish Head : RHP José Luján
Now in RF: Francisco Ornelas
Batting: RHB Fernando Martínez 0-0: Foul Ball, location: 2F
0-1: Ball
1-1: Called Strike
1-2: Ball
2-2: Foul Ball, location: 2F
2-2: Foul Ball, location: 2F
2-2: Foul Ball, location: 2F
2-2: Ball
3-2: Ground out 4-3 (Groundball, 4D)
Batting: RHB Carlos González 0-0: Ball
1-0: Called Strike
1-1: Called Strike
1-2: Foul Ball, location: 2F
1-2: SINGLE (Groundball, 34D)
Batting: RHB Jay Hood 0-0: Called Strike
0-1: Fly out, F8 (Line Drive, 89M)
Batting: LHB Philip Strickland 0-0: Ball
1-0: Ball
2-0: Ball
3-0: Base on Balls
Carlos González to second
Batting: LHB Marcos Costa 0-0: Ball
1-0: Called Strike
1-1: Foul Ball, location: 2F
1-2: Strikes out looking
Top of the 8th over - 0 runs, 1 hit, 0 errors, 2 left on base; Naperville 3 - Milton 6
BOTTOM OF THE 8TH
Milton Dogfish Head batting - Pitching for Naperville Battlekings : RHP Plinio Pedrulho
Pitching: RHP Mario Gonzáles
Batting: LHB Edward Woodstock 0-0: Ball
1-0: Swinging Strike
1-1: Fly out, F9 (Flyball, 9LD)
Batting: RHB Lorenzo Rosas 0-0: Called Strike
0-1: Ball
1-1: Foul Ball, location: 2F
1-2: Ball
2-2: Ball
3-2: Foul Ball, location: 2F
3-2: Foul Ball, location: 2F
3-2: Foul Ball, location: 2F
3-2: Foul Ball, location: 2F
3-2: Foul Ball, location: 2F
3-2: SINGLE (Flyball, 8LS)
Batting: LHB Jeff Lawson 0-0: Ball
1-0: Fielders Choice at 2nd, 1-6 (Groundball, P)
Batting: RHB Esteban Olivo 0-0: Ball
Jeff Lawson steals 2nd base
1-0: Swinging Strike
1-1: Ball
2-1: Ball
3-1: Swinging Strike
3-2: Foul Ball, location: 2F
3-2: Fly out, F9 (Flyball, 9)
Bottom of the 8th over - 0 runs, 1 hit, 0 errors, 1 left on base; Naperville 3 - Milton 6
TOP OF THE 9TH
Naperville Battlekings batting - Pitching for Milton Dogfish Head : RHP José Luján
Batting: RHB Jorge Baker 0-0: Foul Ball, location: 2F
0-1: Ball
1-1: SINGLE (Line Drive, 6MD)
Batting: SHB Alex Mable 0-0: Ball
1-0: Fielders Choice at 2nd, 4-6 (Groundball, 34)
Batting: LHB Juan Villanueva 0-0: Ball
1-0: Ball
2-0: Ball
3-0: Called Strike
3-1: Fly out, F7 (Line Drive, 7)
Pitching: RHP Michael Brown
Batting: RHB Edward Payne 0-0: Called Strike
0-1: Ball
1-1: Ball
2-1: Ball
3-1: Foul Ball, location: 2F
3-2: Foul Ball, location: 2F
3-2: Strikes out looking
Top of the 9th over - 0 runs, 1 hit, 0 errors, 1 left on base; Naperville 3 - Milton 6
Sunday, March 18th, 2018 - OOTP Baseball 18.8 Build 76